cohdb
Replays
Latest Replays
All Replays
Popular Replays
Top Player Replays
Match Explorer
How It Works
Community
CoH3 Stats
Reddit
Sign in to upload your games and track your stats! →
Sign in with Steam
Match 42589191
Unlisted
Match 42589191
Overview
Messages
Build Orders
End
Pioneer Squad
Construct Infanterie Kompanie
Grenadier Squad
GrW 34 Mortar Team
Construct Panzergrenadier Kompanie
Panzergrenadier Squad
Medical Station
Selects Mechanized Battlegroup
Pak 40 Anti-tank Gun Team
Panzergrenadier Squad
Selects Raid Package
Pak 40 Anti-tank Gun Team
Tung
Ang1eton
HulkSMASH
⚓️Ruby⚓
0
0
Comments
sign in to comment!
No comments posted yet!